 Dungeon Crawl Stone Soup version 0.20-a0-1089-g3fde505 (console) character file.

8680 nht the Cleaver (level 11, -3/80 HPs)
             Began as a Minotaur Hunter on May 2, 2017.
             Was an Elder of Okawaru.
             Slain by a troll (9 damage)
             ... on level 10 of the Dungeon.
             The game lasted 00:18:36 (11265 turns).

nht the Cleaver (Minotaur Hunter)                  Turns: 11265, Time: 00:18:37

Health: -3/80      AC: 14    Str: 19    XL:     11   Next: 13%
Magic:  16/16      EV:  8    Int: 11    God:    Okawaru [****..]
Gold:   138        SH:  0    Dex: 12    Spells: 10/10 levels left

rFire    . . .     SeeInvis +   b - +1 war axe
rCold    . . .     Gourm    .   (no shield)
rNeg     . . .     Faith    .   E - +0 chain mail "Coeguc" {-Cast rElec MR+ Int+3}
rPois    .         Spirit   .   (helmet restricted)
rElec    +         Reflect  .   p - +1 cloak
rCorr    .         Harm     .   (no gloves)
MR       +....     NoCast   +   A - +0 pair of boots {Stlth+}
Stlth    ..........             (no amulet)
Regen    0.3/turn               u - +3 ring of protection
MPRegen  0.2/turn               n - ring of see invisible

@: no status effects
A: retaliatory headbutt, horns 2
a: Heroism, Renounce Religion


You were on level 10 of the Dungeon.
You worshipped Okawaru.
Okawaru was greatly pleased with you.
You were hungry.

You visited 2 branches of the dungeon, and saw 11 of its levels.

You collected 614 gold pieces.
You spent 476 gold pieces at shops.

Inventory:

Hand Weapons
 a - a +1 hand crossbow
 b - a +1 war axe (weapon)
Missiles
 d - 65 bolts
Armour
 e - the +1 ring mail "Xehit" {rCorr Dex-2 SInv Stlth+}
   (You found it on level 4 of the Dungeon)

   It affects your dexterity (-2).
   It lets you see invisible.
   It protects you from acid and corrosion.
   It makes you more stealthy.
 p - a +1 cloak (worn)
 A - a +0 pair of boots of stealth (worn)
 E - the +0 chain mail "Coeguc" (worn) {-Cast rElec MR+ Int+3}
   (You bought it in a shop on level 8 of the Dungeon)

   It affects your intelligence (+3).
   It insulates you from electricity.
   It affects your resistance to hostile enchantments.
   It prevents spellcasting.
Jewellery
 n - a ring of see invisible (right hand)
 u - a +3 ring of protection (left hand)
Wands
 h - a wand of digging (24/24)
 y - a wand of flame (9/48)
 C - a wand of lightning (6/15)
 D - a wand of flame (20/48)
 F - a wand of flame (21/48)
 J - a wand of flame (30/48)
Scrolls
 c - 3 scrolls of remove curse
 i - 3 scrolls of identify
 j - a scroll of enchant armour
 k - a scroll of blinking
 m - 4 scrolls of enchant weapon
 o - 3 scrolls of recharging
 q - 2 scrolls of amnesia
 z - a scroll of teleportation
Potions
 g - a potion of invisibility
 r - a potion of heal wounds
 s - a potion of agility
 v - 2 potions of berserk rage
 w - a potion of brilliance
 x - a potion of curing
 I - a potion of cancellation {unknown}
 L - a potion of flight
Books
 G - a book of Air

   Spells                             Type                      Level
   a - Shock                          Conjuration/Air              1
   b - Swiftness                      Charms/Air                   2
   c - Static Discharge               Conjuration/Air              3
   d - Airstrike                      Air                          4
   e - Lightning Bolt                 Conjuration/Air              5
 H - a book of Transfigurations

   Spells                             Type                      Level
   a - Irradiate                      Conjuration/Transmutation    5
   b - Statue Form                    Transmutation/Earth          6
   c - Hydra Form                     Transmutation                6
   d - Dragon Form                    Transmutation                7
Comestibles
 f - 5 bread rations
 l - 3 meat rations
 t - 4 royal jellies
 B - 23 fruits
 K - 2 chunks of flesh


   Skills:
 - Level 2.4 Fighting
 + Level 13.9 Axes
 - Level 10.0 Crossbows
 - Level 2.1 Dodging
 - Level 0.7 Stealth
 + Level 9.2 Invocations


You had 10 spell levels left.
You didn't know any spells.

Dungeon Overview and Level Annotations

Branches:
Dungeon (10/15)            Temple (1/1) D:5            Lair (0/6) D:10
    Orc (0/2) D:9

Altars:
Ashenzari
Cheibriados
Dithmenos
Elyvilon
Fedhas
Gozag
Kikubaaqudgha
Makhleb
Nemelex Xobeh
Okawaru
Qazlal
Ru
Sif Muna
Trog
Uskayaw
Vehumet
Wu Jian
Xom
Yredelemnul
The Shining One

Shops:
D:8 [


Innate Abilities, Weirdness & Mutations

You reflexively headbutt those who attack you in melee.
You have a pair of horns on your head.


Message History

The troll is severely wounded.
A troll is nearby!
You slash the troll!
The troll is almost dead.
The troll bites you. The troll claws you!
* * * LOW HITPOINT WARNING * * *
The troll barely misses you.
A troll is nearby!
You are too injured to fight recklessly!
You are too injured to fight recklessly!
You are too injured to fight recklessly!
You barely miss the troll.
The troll is almost dead.
The troll bites you!
* * * LOW HITPOINT WARNING * * *
The troll claws you but does no damage. x2
You barely miss the troll. Your headbutt misses the troll.
The troll is almost dead.
The troll bites you!
You die... ███ █████

██.█ ██..█
███████..██
██.....(███
██
██.███████
█.█ ██.██
█.███.██
█T█.██


█@██ ███ You could see a troll.

Vanquished Creatures
  A two-headed ogre (D:9)
  The ghost of Alarkh the Cleaver, a novice DsSk of Okawaru (D:9)
  An unseen horror (D:9)
  The ghost of Alarkh the Chopper, an amateur DsSk (D:3)
  A hippogriff (D:8)
  Sigmund (D:2)
  A vampire (D:9)
  A steam dragon (D:9)
  5 yaks (D:10)
  Edmund (D:4)
  A soldier ant (D:8)
  Duvessa (D:7)
  3 ice beasts
  4 orc warriors
  A sky beast (D:8)
  3 phantoms
  8 ogres
  4 centaurs
  A big kobold (D:8)
  3 bullfrogs
  6 scorpions
  A wyvern skeleton (D:9)
  Dowan (D:7)
  A water moccasin skeleton (D:8)
  6 killer bees (D:9)
  5 wights (D:9)
  4 howler monkeys
  2 vampire bats (D:4)
  A centaur zombie (D:9)
  4 crimson imps
  2 quasits
  4 hounds
  6 orc priests
  Crazy Yiuf (D:3)
  2 bullfrog skeletons (D:6)
  2 centaur skeletons
  3 iguanas
  14 orc wizards
  12 worker ants
  A hound skeleton (D:6)
  A worker ant zombie (D:5)
  6 adders
  3 shadow imps
  An ooze (D:3)
  2 adder skeletons
  5 worms
  3 dart slugs (D:1)
  4 leopard geckos
  44 orcs
  5 giant cockroaches
  11 goblins
  6 hobgoblins
  4 jackals
  5 kobolds
  5 quokkas
  2 ball pythons
  A ball python skeleton (D:4)
  13 bats
  7 frilled lizards
  A giant cockroach zombie (D:5)
  A leopard gecko skeleton (D:6)
  7 rats
258 creatures vanquished.

Notes
Turn   | Place    | Note
-------+----------+-------------------------------------------
     0 | D:1      | nht the Minotaur Hunter began the quest for the Orb.
     0 | D:1      | Reached XP level 1. HP: 18/18 MP: 0/0
   257 | D:1      | Reached XP level 2. HP: 23/25 MP: 1/1
   311 | D:1      | Reached skill level 5 in Crossbows
   758 | D:2      | Noticed Sigmund
  1039 | D:2      | Reached XP level 3. HP: 13/30 MP: 2/2
  1311 | D:2      | Killed Sigmund
  1311 | D:2      | Reached XP level 4. HP: 12/37 MP: 3/3
  1311 | D:2      | Reached XP level 5. HP: 14/42 MP: 4/4
  2241 | D:3      | Noticed Alarkh's ghost (amateur DsSk)
  2256 | D:3      | Killed Alarkh's ghost
  2256 | D:3      | Reached XP level 6. HP: 36/50 MP: 5/5
  2955 | D:3      | Found a runed door.
  2959 | D:3      | Noticed Crazy Yiuf
  2965 | D:3      | Killed Crazy Yiuf
  2965 | D:3      | Reached skill level 1 in Axes
  3241 | D:4      | Got an encrusted ring mail
  3252 | D:4      | Identified the cursed +1 ring mail "Xehit" {rCorr Dex-2 SInv Stlth+} (You found it on level 4 of the Dungeon)
  3321 | D:4      | Reached skill level 2 in Axes
  3321 | D:4      | Reached XP level 7. HP: 37/56 MP: 6/6
  3393 | D:4      | Reached skill level 3 in Axes
  3467 | D:4      | Noticed Edmund
  3816 | D:4      | Reached skill level 4 in Axes
  3875 | D:5      | Entered Level 5 of the Dungeon
  3999 | D:5      | HP: 2/56 [ice beast (13)]
  4004 | D:5      | Reached skill level 5 in Axes
  4004 | D:5      | Reached skill level 10 in Crossbows
  4004 | D:5      | Reached XP level 8. HP: 5/62 MP: 7/7
  4366 | D:5      | Found a bloodstained altar of Trog.
  4642 | D:5      | Reached skill level 6 in Axes
  4901 | D:5      | Found a staircase to the Ecumenical Temple.
  4941 | Temple   | Entered the Ecumenical Temple
  5039 | Temple   | Became a worshipper of Warmaster Okawaru
  5124 | D:4      | Killed Edmund
  5124 | D:4      | Reached skill level 7 in Axes
  5209 | D:4      | Reached skill level 8 in Axes
  5591 | D:6      | Reached skill level 9 in Axes
  5688 | D:6      | Reached * piety under Okawaru
  6039 | D:6      | Reached skill level 1 in Invocations
  6039 | D:6      | Reached XP level 9. HP: 68/68 MP: 8/8
  6281 | D:6      | Reached skill level 10 in Axes
  6774 | D:7      | Noticed Dowan
  6796 | D:7      | Noticed Duvessa
  7054 | D:7      | Killed Dowan
  7234 | D:7      | Reached ** piety under Okawaru
  7378 | D:7      | Killed Duvessa
  7378 | D:7      | Reached skill level 11 in Axes
  7461 | D:8      | Found Huhah's Antique Armour Shop.
  7467 | D:8      | Bought a pair of glowing boots for 210 gold pieces
  7586 | D:8      | Reached skill level 5 in Invocations
  8069 | D:8      | Reached XP level 10. HP: 56/74 MP: 13/13
  8417 | D:8      | Bought a distressingly furry chain mail for 266 gold pieces
  8427 | D:8      | Identified the +0 chain mail "Coeguc" {-Cast rElec MR+ Int+3} (You bought it in a shop on level 8 of the Dungeon)
  8448 | D:9      | Noticed an unseen horror
  8448 | D:9      | Noticed Alarkh's ghost (novice DsSk)
  8456 | D:9      | Killed an unseen horror
  8456 | D:9      | Reached *** piety under Okawaru
  8456 | D:9      | Reached skill level 12 in Axes
  8748 | D:9      | Found a staircase to the Orcish Mines.
  8928 | D:9      | Received a gift from Okawaru
  9286 | D:9      | Noticed a two-headed ogre
  9295 | D:9      | Killed a two-headed ogre
  9295 | D:9      | Reached skill level 13 in Axes
  9566 | D:9      | Found a white marble altar of Elyvilon.
  9654 | D:9      | Killed Alarkh's ghost
  9654 | D:9      | Reached **** piety under Okawaru
  9710 | D:10     | Entered Level 10 of the Dungeon
 10234 | D:10     | Found a staircase to the Lair.
 10294 | D:10     | Found a sparkling altar of Nemelex Xobeh.
 10485 | D:10     | Found an iron altar of Okawaru.
 10490 | D:10     | Reached XP level 11. HP: 80/80 MP: 16/16
 10644 | D:10     | Received a gift from Okawaru
 11265 | D:10     | Slain by a troll

Vault maps used:
D:1:      lightli_arrival_lavapool
D:2:      first_bread, minmay_misc_feat_rows, uniq_sigmund
D:3:      cheibrodos_greedy_goblins, uniq_crazy_yiuf_cottage
D:4:      roderic_batcave, uniq_edmund
D:5:      nicolae_overflow_hidden_temple, temple_hall_moat
D:7:      uniq_duvessa
D:8:      serial_shops, nicolae_shop_statue_plus, blue_anna_alchemist
D:9:      kennysheep_mini, orc_0_dummy
D:10:     lair_entry_dummy, basic_altar, okawaru_ov_weapons_minmay
Temple:   regret_index_temple_chain_breaker

Skill      XL: |  1  2  3  4  5  6  7  8  9 10 11 |
---------------+----------------------------------+-----
Crossbows      | 5 7 8 9 10 | 10.0
Axes           | 2 5 9 11 13 | 13.9
Invocations    | 1 5 8 9 |  9.2
Fighting       | |  2.4
Dodging        | |  2.1
Stealth        | |  0.7

Action                   |  1- 3 |  4- 6 |  7- 9 | 10-12 || total
-------------------------+-------+-------+-------+-------++-------
Melee: Short sword       |       |     8 |       |       ||     8
       Headbutt          |       |    11 |    54 |    22 ||    87
       War axe           |       |    27 |   316 |   118 ||   461
       Punch             |       |       |       |     1 ||     1
 Fire: Hand crossbow     |    60 |    57 |    78 |   178 ||   373
Invok: Heroism           |       |       |     3 |     4 ||     7
Evoke: Wand              |       |       |       |    13 ||    13
  Use: Potion            |     3 |     4 |     6 |       ||    13
       Scroll            |       |    12 |     8 |     3 ||    23
 Stab: Sleeping          |       |     3 |    17 |       ||    20
       Invisible         |       |       |     8 |       ||     8
  Eat: Chunk             |     1 |     6 |    16 |     8 ||    31
       Fruit             |       |       |       |     1 ||     1
Armor: Leather armour    |     2 |    14 |       |       ||    16
       Ring mail         |       |       |   125 |       ||   125
       Chain mail        |       |       |       |    86 ||    86
Dodge: Dodged            |     8 |    46 |   215 |    93 ||   362
